Map: Interloper LE

Players

Yata - Winner!

  • Race: Zerg Zerg
  • League: Platinum
  • Spawn Location: 11:00

A.I. 1 (Elite)

  • Race: Terran Terran
  • Spawn Location: 5:00

VOD

Have the link to the VOD?

Description

Time

  • Played on: Oct. 4, 2017, 3:54 p.m.
  • Length: 15:26
Show
View Real Time Build Order
Export as new Build Order

Yata Zerg - Winner!

Build Orders: Hatch First 

Get SALT Encoding   

  12  0:01  Drone  
  13  0:13  Overlord  
  13  0:17  Drone  
  14  0:31  Drone x2  
  14  0:35  Drone  
  17  0:54  Hatchery  
  16  0:57  Drone  
  16  1:00  Drone  
  18  1:12  Extractor  
  18  1:17  Spawning Pool  
  16  1:20  Drone  
  16  1:24  Drone  
  18  1:34  Drone  
  19  1:44  Overlord  
  19  1:58  Drone  
  20  2:02  Drone  
  20  2:04  Queen  
  20  2:07  Queen  
  25  2:12  Zergling x4  
  27  2:16  Metabolic Boost  
  27  2:25  Drone  
  27  2:26  Drone  
  29  2:32  Drone  
  30  2:37  Baneling Nest  
  30  2:40  Evolution Chamber  
  30  2:41  Drone  
  29  2:45  Drone  
  29  2:50  Overlord  
  30  2:58  Drone x2  
  32  3:00  Drone  
  33  3:09  Drone  
  34  3:13  Drone  
  34  3:14  Drone x3  
  37  3:29  Drone x3  
  37  3:30  Drone  
  41  3:40  Zerg Melee Weapons Level 1  
  41  3:41  Drone  
  41  3:44  Hatchery  
  41  3:49  Zergling x6  
  44  4:03  Extractor, Drone  
  44  4:05  Overlord x2  
  44  4:15  Pneumatized Carapace  
  44  4:24  Drone x2  
  44  4:28  Extractor, Drone x2  
  44  4:29  Drone  
  48  4:37  Lair  
  48  4:40  Baneling x2  
  48  4:42  Zergling x14  
  48  4:43  Zergling x2  
  56  4:57  Baneling  
  56  4:59  Queen  
  58  5:00  Drone x5  
  59  5:21  Zergling x2  
  59  5:22  Zergling x8  
  59  5:26  Queen  
  66  5:31  Overlord x3  
  66  5:49  Drone x8  
  74  6:00  Queen  
  74  6:03  Zergling x6  
  74  6:04  Zergling x8  
  78  6:08  Zerg Missile Weapons Level 1  
  78  6:11  Hydralisk Den  
  79  6:19  Queen  
  79  6:21  Centrifical Hooks  
  81  6:30  Baneling x3  
  81  6:31  Baneling x5  
  66  6:51  Muscular Augments  
  64  6:57  Queen  
  64  6:58  Queen  
  68  7:03  Hydralisk  
  68  7:04  Hydralisk x4  
  78  7:10  Zergling x2  
  78  7:11  Zergling x6  
  78  7:13  Overlord x4  
  78  7:14  Overlord  
  82  7:32  Zergling x24  
  82  7:33  Zergling x10  
  82  7:35  Hatchery  
  98  7:50  Queen  
  100  8:02  Hydralisk  
  100  8:03  Hydralisk x9  
  120  8:13  Evolution Chamber  
  120  8:14  Drone x3  
  120  8:15  Extractor  
  121  8:23  Zergling x2  
  122  8:31  Overlord x5  
  121  8:50  Zergling x8  
  121  8:51  Zergling x14  
  128  9:00  Zergling x2  
  128  9:01  Zergling x8  
  128  9:04  Baneling  
  128  9:05  Baneling x10  
  128  9:15  Hydralisk  
  128  9:16  Hydralisk x5  
  140  9:32  Hydralisk  
  140  9:33  Zergling x2  
  140  9:34  Zergling x10  
  144  9:44  Zergling x20  
  100  9:54  Zerg Missile Weapons Level 2, Zerg Ground Armor Level 1  
  100  9:59  Infestation Pit, Hydralisk  
  101  10:13  Zergling x8  
  101  10:14  Zergling x22  
  116  10:25  Extractor, Drone x2  
  116  10:26  Drone x5  
  122  10:28  Hydralisk  
  122  10:29  Hydralisk  
  122  10:34  Baneling x9  
  122  10:35  Baneling x2  
  126  10:38  Overlord x4  
  126  10:39  Overlord  
  126  10:53  Hydralisk x4  
  134  11:10  Zergling x2  
  134  11:11  Zergling x30  
  150  11:24  Drone x8  
  150  11:25  Hatchery, Drone x2  
  159  11:30  Hydralisk x2  
  163  11:42  Baneling  
  163  11:43  Baneling x11  
  161  11:49  Zergling x20  
  161  11:50  Zergling x2  
  167  11:56  Zergling x2  
  167  11:57  Zergling x6  
  171  12:08  Extractor  
  171  12:10  Queen  
  171  12:11  Queen  
  171  12:13  Overlord  
  175  12:16  Hive  
  164  12:26  Zergling x2  
  164  12:27  Zergling x16  
  164  12:28  Zergling x2  
  138  12:34  Zergling x2  
  138  12:35  Zergling x8  
  135  12:45  Zergling x6  
  135  12:46  Zergling x8  
  142  12:53  Zergling x10  
  142  12:54  Zergling x2  
  145  13:24  Zergling x20  
  145  13:25  Zergling x12  
  152  13:38  Zergling x12  
  152  13:39  Zergling x2  
  145  14:20  Hydralisk  
  145  14:21  Hydralisk x13  
  173  14:35  Zergling x2  
  173  14:36  Zergling x16  
  182  14:44  Baneling  
  182  14:46  Baneling x11  
  182  14:57  Zergling x6  
  182  14:58  Zergling x10  
  190  15:01  Zergling x2  
  190  15:02  Zergling x4  
  192  15:17  Hatchery  
Show
View Real Time Build Order
Export as new Build Order

A.I. 1 (Elite) Terran 

Build Orders: MMM Bio 

Get SALT Encoding   

  12  0:00  SCV  
  13  0:13  SCV  
  14  0:19  Supply Depot  
  14  0:25  SCV  
  15  0:41  SCV  
  16  0:43  Barracks  
  16  0:53  SCV  
  17  1:05  SCV  
  18  1:17  Supply Depot, SCV  
  19  1:21  Refinery  
  19  1:29  SCV  
  19  1:30  Marine  
  21  1:41  SCV  
  22  1:47  Marine  
  22  1:51  Barracks  
  22  1:53  SCV  
  24  1:55  Refinery  
  24  2:03  Supply Depot  
  24  2:05  SCV, Marine  
  26  2:17  SCV  
  27  2:23  Marine  
  27  2:25  Factory  
  27  2:29  SCV  
  29  2:37  Marine  
  29  2:41  Marine  
  29  2:42  SCV  
  31  2:54  SCV  
  31  2:55  Marine  
  33  2:59  Marine  
  34  3:06  SCV  
  35  3:13  Marine  
  35  3:16  Marine  
  35  3:18  SCV  
  38  3:28  Command Center  
  38  3:30  SCV  
  38  3:31  Supply Depot  
  39  3:53  SCV, Marine  
  40  4:03  Barracks  
  40  4:05  SCV  
  40  4:07  Barracks Tech Lab  
  41  4:11  Barracks Tech Lab  
  41  4:17  SCV  
  41  4:21  Factory Tech Lab, Starport  
  42  4:29  SCV  
  43  4:39  SCV  
  43  4:40  Stimpack  
  43  4:41  SCV  
  45  4:47  Combat Shields  
  45  4:50  Marine  
  45  4:52  Marine, SCV  
  47  4:54  Orbital Command  
  48  5:04  SCV  
  49  5:08  Engineering Bay  
  49  5:09  Marauder  
  48  5:15  Marauder  
  48  5:16  Marine, SCV  
  50  5:25  SCV  
  50  5:28  SCV  
  52  5:30  Marine  
  52  5:34  Marine  
  52  5:35  Terran Infantry Weapons Level 1  
  54  5:36  Marauder  
  54  5:37  Supply Depot, SCV  
  54  5:40  SCV  
  58  5:48  Marauder  
  58  5:49  SCV  
  61  5:52  Marine  
  61  5:55  Engineering Bay  
  62  5:59  SCV, Marauder  
  62  6:01  Supply Depot, SCV  
  65  6:09  Marauder, Hellion  
  70  6:11  Barracks Reactor, SCV  
  70  6:18  Command Center  
  70  6:22  Terran Infantry Armor Level 1, Marine  
  71  6:29  SCV  
  71  6:30  Supply Depot, Marine, SCV  
  74  6:38  Hellion  
  76  6:41  Marauder  
  76  6:44  SCV  
  75  6:47  Marine x2  
  75  6:49  Concussive Shells, Marauder  
  77  6:54  Supply Depot  
  77  6:59  Siege Tank  
  80  7:01  Marine  
  80  7:05  Marine, Orbital Command  
  80  7:06  Marine  
  83  7:10  Marauder  
  83  7:12  Missile Turret  
  85  7:19  Supply Depot, Marine  
  85  7:20  Missile Turret  
  86  7:27  Starport Reactor, Barracks  
  86  7:30  Marine  
  86  7:31  SCV, Siege Tank, Marauder  
  86  7:33  SCV  
  86  7:36  SCV  
  95  7:44  SCV  
  96  7:45  SCV  
  96  7:48  SCV  
  98  7:56  SCV  
  99  7:58  Supply Depot, SCV  
  99  8:00  SCV  
  99  8:03  Medivac, Siege Tank  
  106  8:08  SCV  
  106  8:10  SCV  
  106  8:12  SCV  
  109  8:16  Medivac, Missile Turret  
  109  8:18  Missile Turret  
  111  8:20  SCV  
  111  8:22  Armory  
  111  8:25  Orbital Command  
  112  8:28  SCV  
  112  8:30  Supply Depot, Marine  
  114  8:35  Siege Tank, Marauder  
  114  8:39  Refinery  
  114  8:40  Refinery  
  119  8:42  Marine x3  
  119  8:48  Marine  
  122  8:50  Command Center  
  115  8:56  Marine  
  115  9:00  Marine x3  
  115  9:01  SCV  
  115  9:02  SCV  
  113  9:04  SCV  
  113  9:06  Marine  
  113  9:07  Hellion  
  117  9:11  Supply Depot, Terran Infantry Weapons Level 2  
  117  9:13  SCV  
  117  9:14  SCV  
  119  9:21  Marauder  
  123  9:24  Marauder  
  123  9:29  Hellion  
  125  9:31  Refinery  
  125  9:32  Refinery  
  125  9:36  Supply Depot  
  125  9:41  Terran Vehicle Weapons Level 1  
  125  9:42  Marauder  
  125  9:44  Marine  
  125  9:45  Armory  
  119  9:46  Marine, Marauder  
  119  9:47  Marine  
  119  9:50  Hellion  
  121  9:53  SCV  
  121  9:54  SCV  
  121  9:55  Command Center  
  123  10:02  Marine  
  123  10:04  Marauder  
  123  10:07  Supply Depot, SCV x2  
  127  10:08  Marine  
  127  10:09  Marine  
  127  10:12  Hellion  
  127  10:13  Missile Turret  
  132  10:17  Medivac  
  134  10:26  Factory  
  134  10:31  Starport  
  134  10:32  Terran Vehicle And Ship Armor Level 1  
  134  10:33  Siege Tank  
  134  10:35  Supply Depot  
  137  10:37  Missile Turret  
  137  10:38  Hi-Sec Auto Tracking  
  137  10:52  Marine  
  137  10:53  Marine  
  137  10:54  Medivac  
  137  10:55  Missile Turret  
  137  10:56  Missile Turret  
  141  11:00  Supply Depot  
  141  11:03  Marine  
  142  11:04  Widow Mine, Marine  
  142  11:05  Marine  
  142  11:07  SCV x2  
  142  11:08  Refinery, Starport Tech Lab, Planetary Fortress  
  142  11:09  Widow Mine  
  142  11:10  Marine  
  151  11:20  Missile Turret  
  151  11:21  Command Center  
  151  11:23  Missile Turret  
  151  11:24  SCV  
  151  11:25  Refinery  
  151  11:27  Raven  
  151  11:28  High Capacity Fuel Tanks  
  153  11:33  Building Armor, Siege Tank, SCV  
  153  11:37  Widow Mine  
  153  11:39  Barracks  
  158  11:42  Supply Depot, Terran Infantry Weapons Level 3  
  158  11:50  Missile Turret  
  158  11:51  Marine x2  
  144  11:58  Command Center  
  144  12:04  Barracks Tech Lab  
  144  12:05  SCV  
  144  12:06  Hellion  
  144  12:07  Factory Tech Lab  
  144  12:08  SCV  
  142  12:09  Marauder  
  142  12:10  Raven  
  142  12:11  SCV  
  133  12:17  SCV  
  133  12:20  SCV  
  134  12:23  SCV  
  134  12:26  Hellion  
  134  12:27  Siege Tank  
  95  12:30  Marine x2  
  95  12:31  Marine  
  95  12:32  Marine x2  
  95  12:35  Marine  
  75  12:37  SCV  
  66  12:47  Hellion  
  66  12:48  Marine x2  
  68  12:51  Command Center  
  68  12:53  Marauder  
  57  12:58  Widow Mine  
  50  13:06  Marauder  
  51  13:26  Command Center  
  15  15:13  Command Center  
Tags
 
Composition
MMM Bio
League
Platinum
Matchup
TvZ
Replay Pack
Pack 1
Spawn Locations
Cross Positions
Add a new tag
Caveats
  • Supply blocks, unpowered buildings, or Contaminate may cause inaccurate times.
  • Supply counts are checked every 10 seconds.